 Dungeon Crawl Stone Soup version 0.19.0-11-g3fc08b3 (webtiles) character file.

313 Stormleaks the Covert (level 6, 0/46 HPs)
             Began as a Vampire Assassin on Nov 8, 2016.
             Killed by divine providence
             ... invoked by an orc priest
              (8 damage)
             ... on level 5 of the Dungeon.
             The game lasted 00:23:54 (4506 turns).

Stormleaks the Covert (Vampire Assassin)            Turns: 4506, Time: 00:23:54

Health: 0/46       AC:  5    Str: 10      XL:     6   Next: 19%
Magic:  6/6        EV: 13    Int: 12 (14) God:
Gold:   198        SH:  0    Dex: 16 (17) Spells: 0 memorised, 5 levels left

rFire  . . .     SeeInvis +     b - +0 blowgun
rCold  + . .     Gourm    .     c - +0 robe
rNeg   + + .     Faith    .     (no shield)
rPois  +         Spirit   .     (no helmet)
rElec  .         Reflect  .     t - +2 cloak
rCorr  .         Harm     .     (no gloves)
MR     .....                    (no boots)
Stlth  +++++.....               (no amulet)
                                (no ring)
                                (no ring)

@: marked, regenerating slowly
A: fangs 3, see invisible, unbreathing
a: Bat Form


You were on level 5 of the Dungeon.
You were thirsty.

You visited 1 branch of the dungeon, and saw 5 of its levels.

You collected 198 gold pieces.

Inventory:

Hand Weapons
 a - a +2 dagger
 b - a +0 blowgun (weapon)
 j - a +2 dagger of venom
 m - a cursed -3 short sword
 r - a +0 dagger
Missiles
 e - 23 poisoned needles (quivered)
 f - 2 curare-tipped needles
Armour
 c - a +0 robe (worn)
 d - a +1 cloak
 t - a +2 cloak (worn)
Jewellery
 h - an uncursed ring of see invisible {unknown}
Scrolls
 s - 2 scrolls of remove curse
 x - a scroll of enchant armour
Potions
 k - a potion of flight
 l - 2 potions of degeneration
 q - 2 potions of agility
Books
 g - a book of Cantrips

   Spells                             Type                      Level
   a - Confusing Touch                Hexes                        1
   b - Animate Skeleton               Necromancy                   1
   c - Summon Small Mammal            Summoning                    1
   d - Apportation                    Translocation                1
Comestibles
 o - 7 fruits


   Skills:
 + Level 2.5 Fighting
 + Level 4.3 Short Blades
 + Level 1.7 Throwing
 + Level 2.8 Dodging
 + Level 8.6 Stealth


You had 5 spell levels left.
You didn't know any spells.

Dungeon Overview and Level Annotations

Branches:
Dungeon (5/15)
 Temple: D:4-7

Altars:
Gozag
Ru
Sif Muna
Yredelemnul


Innate Abilities, Weirdness & Mutations

You heal slowly.
You have razor-sharp teeth.
You have supernaturally acute eyesight. (SInv)
You can survive without breathing.


Message History

The ogre hits you with a giant club!
As you read the scroll of teleportation, it crumbles to dust.
You feel strangely unstable. The ogre barely misses you.
Really attack while wielding your +0 blowgun? [Y]es or [N]o only, please.
Really attack while wielding your +0 blowgun?
Okay, then.
Okay, then.
An adder comes into view.
Your surroundings suddenly seem different.
Found two stone staircases leading down.
There is a stone staircase leading down here. 2 orcs and an orc priest come into view.
The orc priest mumbles some strange prayers to Beogh against you.
Beogh smites you!
* * * LOW HITPOINT WARNING * * *
You hear a shout! x2
The orc priest mumbles some strange prayers to Beogh against you.
Beogh smites you!
You die...

#. #+#
#.###### #.#
##...
...###.###
#...#
##....>..#
....
....#....# ..#
#....>.# #.#
#.#....#####
#@#
#.##......oo
#.#
#...o#.#####
#o#####.####.#
#.......# .#
#######......#
########


You could see an orc priest.

Vanquished Creatures
  A scorpion (D:3)
  2 orc wizards (D:4)
  A worker ant (D:5)
  A worker ant zombie (D:3)
  Robin (D:2)
  4 adders
  An ooze (D:2)
  A worm (D:2)
  A dart slug (D:1)
  2 leopard geckos
  12 orcs
  8 giant cockroaches
  16 goblins
  11 hobgoblins
  7 jackals
  A ball python (D:1)
  7 bats
  9 frilled lizards
  8 kobolds
  A quokka skeleton (D:3)
  5 rats
100 creatures vanquished.

Notes
Turn   | Place    | Note
-------+----------+-------------------------------------------
     0 | D:1      | Stormleaks the Vampire Assassin began the quest for the Orb.
     0 | D:1      | Reached XP level 1. HP: 16/16 MP: 1/1
    61 | D:1      | Reached skill level 6 in Stealth
   117 | D:1      | Reached XP level 2. HP: 22/22 MP: 2/2
   787 | D:2      | Reached XP level 3. HP: 27/27 MP: 3/3
   814 | D:2      | Reached skill level 7 in Stealth
  1025 | D:2      | Noticed Robin
  1105 | D:2      | Found an opulent altar of Gozag.
  1144 | D:1      | HP: 1/27 [poisoned by an adder]
  1159 | D:1      | Reached XP level 4. HP: 14/33 MP: 4/4
  1316 | D:2      | Killed Robin
  2008 | D:3      | Found a basalt altar of Yredelemnul.
  2258 | D:3      | Reached skill level 8 in Stealth
  2258 | D:3      | Reached XP level 5. HP: 36/38 MP: 5/5
  2865 | D:3      | Gained mutation: Your spells are a little harder to cast, but a little more powerful. [potion of mutation]
  2865 | D:3      | Gained mutation: You are partially covered in molten scales. (AC +2) [potion of mutation]
  2865 | D:3      | Gained mutation: You have a pair of small antennae on your head. [potion of mutation]
  3234 | D:4      | Lost mutation: You have a pair of small antennae on your head. [potion of cure mutation]
  3234 | D:4      | Lost mutation: Your spells are a little harder to cast, but a little more powerful. [potion of cure mutation]
  3234 | D:4      | Lost mutation: You are partially covered in molten scales. (AC +2) [potion of cure mutation]
  3763 | D:4      | Found a deep blue altar of Sif Muna.
  3794 | D:4      | Reached XP level 6. HP: 27/45 MP: 6/6
  4385 | D:5      | Entered Level 5 of the Dungeon
  4422 | D:5      | Found a sacrificial altar of Ru.
  4506 | D:5      | Killed from afar by an orc priest

Skill      XL: |  1  2  3  4  5 |
---------------+----------------+-----
Stealth        | 6 7 8 |  8.6
Short Blades   | 3 4 |  4.3
Fighting       | 2 |  2.5
Dodging        | 2 |  2.8
Throwing       | |  1.7

Action                   |  1- 3 |  4- 6 || total
-------------------------+-------+-------++-------
Melee: Dagger            |   113 |   187 ||   300
       Bite              |     9 |    15 ||    24
 Fire: Blowgun           |       |     5 ||     5
  Use: Scroll            |     2 |     9 ||    11
       Potion            |     1 |    11 ||    12
 Stab: Sleeping          |    12 |    11 ||    23
  Eat: Corpse            |     7 |     5 ||    12
Armor: Robe              |    17 |    38 ||    55
Dodge: Dodged            |    64 |   119 ||   183
